 Dungeon Crawl Stone Soup version 0.24.1 (webtiles) character file.

Game seed: 9544137770415549640, levelgen mode: deterministic

155 Descartes the Magician (level 5, 0/28 HPs)
             Began as a Deep Elf Air Elementalist on Mar 29, 2020.
             Killed by nerve-wracking pain
             ... invoked by Grinder
              (9 damage)
             ... on level 3 of the Dungeon.
             The game lasted 00:09:14 (2926 turns).

Descartes the Magician (Deep Elf Air Elementalist)  Turns: 2926, Time: 00:09:15

Health: 0/28       AC:  4    Str:  5    XL:     5   Next: 14%
Magic:  4/13       EV: 14    Int: 21    God:
Gold:   147        SH:  0    Dex: 15    Spells: 4/12 levels left

rFire    . . .     SeeInvis .   d - +1 dagger (drain)
rCold    . . .     Gourm    .   (no shield)
rNeg     . . .     Faith    .   q - +0 robe
rPois    .         Spirit   .   (no helmet)
rElec    .         Reflect  .   s - +0 cloak
rCorr    .         Harm     .   (no gloves)
MR       .....                  n - +0 pair of boots
Stlth    +++.......             (no amulet)
HPRegen  0.09/turn              (no ring)
MPRegen  0.13/turn              (no ring)

@: no status effects
A: no striking features
a: no special abilities


You were on level 3 of the Dungeon.
You were not hungry.

You visited 1 branch of the dungeon, and saw 3 of its levels.

You collected 147 gold pieces.

Inventory:

Hand Weapons
 d - a +1 dagger of draining (weapon)
Missiles
 g - 58 arrows
 h - 58 stones (quivered)
 i - 43 poisoned darts
Armour
 n - a +0 pair of boots (worn)
 q - a +0 robe (worn)
 s - a +0 cloak (worn)
Wands
 l - a wand of iceblast (9)
Scrolls
 a - 2 scrolls of fear {unknown}
 b - 4 scrolls of teleportation
 m - 2 scrolls of identify
 o - a scroll of blinking {unknown}
 p - a scroll of enchant weapon {unknown}
 u - a scroll of remove curse
Potions
 e - a potion of curing
 f - a potion of agility {unknown}
 j - a potion of lignification {unknown}
 k - a potion of berserk rage {unknown}
 r - a potion of heal wounds {unknown}
 t - a potion of might {unknown}
 v - a potion of brilliance {unknown}
Comestibles
 c - 7 rations
 w - a chunk of flesh


   Skills:
 + Level 3.5 Dodging
 + Level 3.8 Stealth
 + Level 4.1 Spellcasting
 + Level 2.6 Conjurations
 + Level 3.6 Air Magic


You had 4 spell levels left.
You knew the following spells:

 Your Spells              Type           Power        Failure   Level  Hunger
a - Shock                 Conj/Air       ###.         3%          1    None
b - Airstrike             Air            ###.......   26%         4    ####...
c - Static Discharge      Conj/Air       ###.....     10%         3    ###....

Your spell library contained the following spells:

 Spells                   Type           Power        Failure   Level  Hunger
 Swiftness                Chrm/Air       ##......     9%          2    #......
 Lightning Bolt           Conj/Air       ###.......   65%         5    ######.


Dungeon Overview and Level Annotations

Branches:
Dungeon (3/15)

Altars:

Annotations:
D:3 Grinder, Jessica


Message History

The zap hits Grinder.
Grinder is moderately wounded.
Casting: Shock (safe; 3% risk of failure)
Confirm with . or Enter, or press ? or * to list all spells.
Grinder is struck by an arc of lightning.
Grinder is moderately wounded.
You are struck by an arc of lightning.
The lightning grounds out.
Grinder hits you.
You writhe in agony.
Casting: Static Discharge (safe; 10% risk of failure)
Confirm with . or Enter, or press ? or * to list all spells.
Grinder is struck by an arc of lightning.
Grinder is heavily wounded.
The lightning grounds out.
Grinder hits you!
You writhe in agony.
* * * LOW HITPOINT WARNING * * *
Unknown command.
Grinder blinks!
Grinder blinks!
Grinder gestures at you. Pain shoots through your body!
You die...

##.###.#...........##...##...)).@
#...#.......##.#######+####.#.###
#........# #.## ###.# .....)...#
##<.## .# ##.......##^####.## ..
.#.#.<...).......>#
#...#..#.##.####..# ##..........#
#..# ##...###....# #@.# #....#
###..# #..# .#...### #..# #..#
##<....# #..# ##..# .##..#.###..#
#...#######
#.#..#.##...###5#.......#
##...#.#.#ยง..##...#####.#
##..#..##..#.....# ##.#
#...........##### #..#


You could see Grinder.

Vanquished Creatures
  An orc wizard (D:3)
  4 adders (D:2)
  An ooze (D:2)
  2 worms (D:2)
  A dart slug (D:1)
  A leopard gecko (D:3)
  8 orcs (D:3)
  9 bats
  5 giant cockroaches
  7 goblins
  4 hobgoblins
  7 jackals (D:2)
  2 ball pythons (D:2)
  2 frilled lizards (D:2)
  6 kobolds
  7 rats
67 creatures vanquished.

Notes
Turn   | Place    | Note
-------+----------+-------------------------------------------
     0 | D:1      | Descartes the Deep Elf Air Elementalist began the quest for
                  | the Orb.
     0 | D:1      | Reached XP level 1. HP: 10/10 MP: 6/6
   190 | D:1      | Reached XP level 2. HP: 15/15 MP: 5/8
  1013 | D:2      | Reached XP level 3. HP: 19/19 MP: 7/9
  1436 | D:2      | Reached XP level 4. HP: 24/24 MP: 7/11
  1707 | D:2      | Learned a level 4 spell: Airstrike
  1711 | D:2      | Learned a level 3 spell: Static Discharge
  2345 | D:3      | Noticed Jessica
  2464 | D:3      | Reached skill level 4 in Spellcasting
  2475 | D:3      | Reached XP level 5. HP: 28/28 MP: 6/13
  2908 | D:3      | Noticed Grinder
  2926 | D:3      | Killed from afar by Grinder

Levels and vault maps discovered:
D:1:      elethiomel_arrival_infinity_welcomes_careful_drivers, layout_basic
D:2:      layout_loops_ring, minmay_strange_pillars
D:3:      layout_loops_ring, grunt_temple_overflow_diamond, serial_park_tiny_1,
          nicolae_qazlal_eye_of_the_storm, uniq_jessica, uniq_grinder, uniq_ijyb

Skill      XL: |  1  2  3  4 |
---------------+-------------+-----
Stealth        | 3 |  3.8
Dodging        | 3 |  3.5
Conjurations   | 2 |  2.6
Spellcasting   | 4 |  4.1
Air Magic      | |  3.6

Action                   |  1- 3 |  4- 6 || total
-------------------------+-------+-------++-------
Melee: Dagger            |    11 |       ||    11
 Cast: Shock             |    68 |    90 ||   158
       Static Discharge  |       |     2 ||     2
  Use: Scroll            |     4 |       ||     4
  Eat: Chunk             |     1 |     5 ||     6
Armor: Robe              |     3 |       ||     3
Dodge: Dodged            |    17 |     3 ||    20
